2768 views
Uploaded 2019-12-01 21:06:10
Game version 1.32.0.2 / 1.32.0.2.1
30:44 long 4on4 ladder game on (8)Mur'gulOasis_LV
Saved by iggythefisk
2768 views
Uploaded 2019-12-01 21:06:10
Game version 1.32.0.2 / 1.32.0.2.1
30:44 long 4on4 ladder game on (8)Mur'gulOasis_LV


65 units @ 6.7k
/ 0.2k
233 buildings @ 14k
/ 7.1k
TIMG4STRok
(30:43) : 


| Staff of Sanctuary | 3 | 750 |
| Orb of Fire | 2 | 650 |
| Boots of Speed | 3 | 750 |
| Staff of Teleportation | 3 | 450 |
| Healing Salve | 1 | 100 |
| total: | 12 | 2700g |
| Peasant | 15 | 1125 | / | 0 |
| Dragonhawk Rider | 5 | 1000 | / | 150 |
| total: | 20 | 2125g | / | 150w |
| Scout Tower | 65 | 1950 | / | 1300 |
| Arcane Tower | 4 | 280 | / | 200 |
| Guard Tower | 23 | 1610 | / | 1150 |
| Altar of Kings | 1 | 180 | / | 50 |
| Farm | 6 | 480 | / | 120 |
| Lumber Mill | 1 | 120 | / | 0 |
| Arcane Vault | 1 | 130 | / | 30 |
| Barracks | 1 | 160 | / | 60 |
| Blacksmith | 1 | 140 | / | 60 |
| Town Hall | 3 | 1155 | / | 615 |
| Arcane Sanctum | 1 | 150 | / | 140 |
| Gryphon Aviary | 1 | 140 | / | 150 |
| Keep | 1 | 320 | / | 210 |
| Castle | 1 | 360 | / | 210 |
| total: | 81 | 4605g | / | 2525w |
| 0:03 | Peasant |
| 0:03 | Peasant |
| 0:12 | Altar of Kings |
| 0:20 | Farm |
| 0:24 | Peasant |
| 0:24 | Peasant |
| 0:33 | Peasant |
| 0:38 | Peasant |
| 0:55 | Lumber Mill |
| 0:56 | Peasant |
| 1:02 | Scout Tower |
| 1:09 | Peasant |
| 1:17 | Farm |
| 1:30 | Arcane Tower |
| 1:33 | Scout Tower |
| 1:37 | Peasant |
| 1:51 | Farm |
| 1:54 | Peasant |
| 2:02 | Guard Tower |
| 2:09 | Peasant |
| 2:12 | Blizzard |
| 2:19 | Scout Tower |
| 2:41 | Farm |
| 2:44 | Improved Masonry |
| 2:47 | Scout Tower |
| 2:48 | Guard Tower |
| 2:50 | Scout Tower |
| 3:36 | Guard Tower |
| 3:41 | Keep |
| 3:53 | Scout Tower |
| 4:42 | Brilliance Aura |
| 4:45 | Boots of Speed |
| 4:47 | Guard Tower |
| 5:13 | Arcane Vault |
| 5:21 | Staff of Teleportation |
| 5:37 | Healing Salve |
| 6:25 | Castle |
| 7:05 | Arcane Sanctum |
| 7:07 | Advanced Masonry |
| 7:09 | Scout Tower |
| 7:09 | Scout Tower |
| 7:10 | Scout Tower |
| 7:12 | Scout Tower |
| 7:50 | Guard Tower |
| 8:20 | Blizzard |
| 8:38 | Guard Tower |
| 8:40 | Magic Sentry |
| 8:40 | Guard Tower |
| 8:43 | Scout Tower |
| 8:44 | Scout Tower |
| 8:44 | Scout Tower |
| 8:45 | Scout Tower |
| 8:49 | Imbued Masonry |
| 8:50 | Peasant |
| 8:50 | Peasant |
| 8:50 | Peasant |
| 8:50 | Peasant |
| 8:56 | Staff of Sanctuary |
| 9:00 | Storm Bolt |
| 9:14 | Orb of Fire |
| 10:12 | Guard Tower |
| 10:51 | Scout Tower |
| 10:52 | Scout Tower |
| 10:53 | Scout Tower |
| 10:53 | Scout Tower |
| 11:08 | Staff of Teleportation |
| 11:08 | Boots of Speed |
| 11:14 | Holy Light |
| 11:47 | Scout Tower |
| 11:47 | Scout Tower |
| 11:48 | Scout Tower |
| 11:49 | Scout Tower |
| 11:52 | Arcane Tower |
| 12:15 | Gryphon Aviary |
| 12:17 | Farm |
| 12:32 | Bash |
| 12:57 | Arcane Tower |
| 12:57 | Arcane Tower |
| 13:05 | Guard Tower |
| 13:39 | Barracks |
| 13:44 | Scout Tower |
| 13:45 | Scout Tower |
| 13:46 | Scout Tower |
| 13:57 | Staff of Sanctuary |
| 14:01 | Orb of Fire |
| 14:15 | Boots of Speed |
| 14:26 | Staff of Teleportation |
| 14:55 | Divine Shield |
| 15:15 | Brilliance Aura |
| 15:23 | Guard Tower |
| 15:28 | Blacksmith |
| 16:01 | Scout Tower |
| 16:02 | Scout Tower |
| 16:04 | Scout Tower |
| 16:08 | Dragonhawk Rider |
| 16:08 | Dragonhawk Rider |
| 16:10 | Dragonhawk Rider |
| 16:12 | Farm |
| 16:18 | Staff of Sanctuary |
| 16:54 | Dragonhawk Rider |
| 16:54 | Dragonhawk Rider |
| 17:00 | Animal War Training |
| 17:02 | Studded Leather Armor |
| 18:02 | Scout Tower |
| 18:03 | Scout Tower |
| 18:03 | Scout Tower |
| 18:03 | Scout Tower |
| 18:04 | Scout Tower |
| 18:04 | Scout Tower |
| 18:33 | Storm Bolt |
| 18:34 | Guard Tower |
| 18:57 | Scout Tower |
| 18:58 | Scout Tower |
| 18:59 | Scout Tower |
| 19:00 | Scout Tower |
| 19:04 | Storm Bolt |
| 19:08 | Guard Tower |
| 19:30 | Guard Tower |
| 19:56 | Holy Light |
| 20:06 | Guard Tower |
| 20:13 | Scout Tower |
| 20:14 | Scout Tower |
| 20:15 | Scout Tower |
| 20:16 | Scout Tower |
| 20:44 | Scout Tower |
| 21:05 | Guard Tower |
| 21:06 | Guard Tower |
| 21:08 | Guard Tower |
| 21:11 | Scout Tower |
| 21:12 | Scout Tower |
| 21:12 | Scout Tower |
| 21:13 | Scout Tower |
| 21:13 | Guard Tower |
| 21:21 | Scout Tower |
| 21:43 | Guard Tower |
| 21:48 | Guard Tower |
| 21:54 | Guard Tower |
| 22:49 | Town Hall |
| 25:07 | Brilliance Aura |
| 26:55 | Town Hall |
| 27:32 | Bash |
| 27:51 | Devotion Aura |
| 28:04 | Town Hall |
| 28:43 | Scout Tower |
| 28:44 | Scout Tower |
| 28:45 | Scout Tower |
| 28:45 | Scout Tower |
| 28:46 | Scout Tower |
| 28:47 | Scout Tower |
| 28:48 | Scout Tower |
| 28:49 | Scout Tower |
| 29:24 | Guard Tower |
| 29:36 | Scout Tower |
| 29:37 | Scout Tower |
| 29:38 | Scout Tower |
| 29:40 | Scout Tower |
| 29:44 | Scout Tower |
| 29:45 | Scout Tower |
| 30:21 | Scout Tower |
| 30:23 | Scout Tower |
| 30:23 | Scout Tower |
| 30:34 | Guard Tower |
| Right click | 2160 |
| Select group | 1497 |
| Select | 306 |
| Build/train/purchase | 153 |
| Use ability | 146 |
| Misc. action | 58 |
| Chat | 30 |
| Minimap ping | 14 |
| Assign group | 12 |
| Item give/drop | 6 |
| Esc | 6 |
| Resource trade | 5 |



| Scroll of Regeneration | 3 | 300 |
| Lesser Clarity Potion | 1 | 70 |
| Potion of Healing | 2 | 300 |
| Staff of Sanctuary | 3 | 750 |
| Boots of Speed | 3 | 750 |
| Staff of Teleportation | 3 | 450 |
| total: | 15 | 2620g |
| Peasant | 18 | 1350 | / | 0 |
| Priest | 1 | 135 | / | 10 |
| Dragonhawk Rider | 1 | 200 | / | 30 |
| total: | 20 | 1685g | / | 40w |
| Scout Tower | 57 | 1710 | / | 1140 |
| Arcane Tower | 1 | 70 | / | 50 |
| Guard Tower | 28 | 1960 | / | 1400 |
| Altar of Kings | 3 | 540 | / | 150 |
| Farm | 7 | 560 | / | 140 |
| Lumber Mill | 2 | 240 | / | 0 |
| Arcane Vault | 1 | 130 | / | 30 |
| Blacksmith | 1 | 140 | / | 60 |
| Barracks | 2 | 320 | / | 120 |
| Arcane Sanctum | 3 | 450 | / | 420 |
| Gryphon Aviary | 2 | 280 | / | 300 |
| Keep | 2 | 640 | / | 420 |
| Castle | 1 | 360 | / | 210 |
| total: | 78 | 4370g | / | 2360w |
| 0:02 | Peasant |
| 0:02 | Peasant |
| 0:08 | Altar of Kings |
| 0:18 | Peasant |
| 0:19 | Farm |
| 0:24 | Peasant |
| 0:42 | Farm |
| 0:53 | Lumber Mill |
| 0:58 | Peasant |
| 1:06 | Arcane Vault |
| 1:08 | Peasant |
| 1:19 | Peasant |
| 1:26 | Scout Tower |
| 1:26 | Scout Tower |
| 1:27 | Peasant |
| 1:45 | Peasant |
| 1:49 | Scout Tower |
| 1:50 | Peasant |
| 2:03 | Arcane Tower |
| 2:04 | Scout Tower |
| 2:05 | Peasant |
| 2:10 | Blizzard |
| 2:18 | Scout Tower |
| 2:19 | Peasant |
| 2:27 | Guard Tower |
| 2:45 | Guard Tower |
| 3:07 | Farm |
| 3:22 | Guard Tower |
| 3:41 | Peasant |
| 3:41 | Peasant |
| 3:42 | Peasant |
| 3:45 | Scout Tower |
| 3:47 | Scroll of Regeneration |
| 3:59 | Scout Tower |
| 4:00 | Scout Tower |
| 4:04 | Boots of Speed |
| 4:05 | Staff of Teleportation |
| 4:17 | Keep |
| 4:25 | Guard Tower |
| 4:27 | Scout Tower |
| 4:27 | Scout Tower |
| 4:32 | Brilliance Aura |
| 4:41 | Guard Tower |
| 4:47 | Farm |
| 5:26 | Guard Tower |
| 5:41 | Guard Tower |
| 5:44 | Scout Tower |
| 5:45 | Scout Tower |
| 5:46 | Scout Tower |
| 5:47 | Scroll of Regeneration |
| 5:48 | Lesser Clarity Potion |
| 6:00 | Scout Tower |
| 6:00 | Scout Tower |
| 6:01 | Scout Tower |
| 6:01 | Scout Tower |
| 6:01 | Scout Tower |
| 6:22 | Altar of Kings |
| 6:25 | Altar of Kings |
| 6:36 | Guard Tower |
| 7:17 | Potion of Healing |
| 7:35 | Storm Bolt |
| 7:41 | Arcane Sanctum |
| 7:55 | Blacksmith |
| 8:06 | Scroll of Regeneration |
| 8:11 | Scout Tower |
| 8:11 | Scout Tower |
| 8:12 | Scout Tower |
| 8:12 | Scout Tower |
| 8:19 | Arcane Sanctum |
| 8:22 | Arcane Sanctum |
| 8:48 | Guard Tower |
| 9:09 | Potion of Healing |
| 9:14 | Guard Tower |
| 9:19 | Peasant |
| 9:19 | Peasant |
| 9:19 | Peasant |
| 9:32 | Improved Masonry |
| 9:57 | Farm |
| 10:07 | Improved Lumber Harvesting |
| 10:28 | Scout Tower |
| 10:29 | Scout Tower |
| 10:29 | Scout Tower |
| 10:30 | Scout Tower |
| 10:47 | Priest |
| 11:00 | Guard Tower |
| 11:11 | Advanced Masonry |
| 11:31 | Castle |
| 11:36 | Magic Sentry |
| 11:44 | Guard Tower |
| 11:51 | Guard Tower |
| 12:19 | Guard Tower |
| 12:21 | Scout Tower |
| 12:21 | Scout Tower |
| 12:22 | Scout Tower |
| 12:22 | Scout Tower |
| 12:23 | Scout Tower |
| 12:28 | Scout Tower |
| 12:28 | Scout Tower |
| 12:58 | Guard Tower |
| 13:00 | Guard Tower |
| 13:05 | Scout Tower |
| 13:06 | Scout Tower |
| 13:07 | Scout Tower |
| 13:08 | Scout Tower |
| 13:25 | Guard Tower |
| 13:30 | Guard Tower |
| 13:38 | Guard Tower |
| 13:45 | Guard Tower |
| 14:50 | Guard Tower |
| 14:55 | Blizzard |
| 15:05 | Guard Tower |
| 15:06 | Scout Tower |
| 15:07 | Scout Tower |
| 15:08 | Scout Tower |
| 15:08 | Scout Tower |
| 15:13 | Bash |
| 15:23 | Imbued Masonry |
| 15:24 | Advanced Lumber Harvesting |
| 15:27 | Gryphon Aviary |
| 15:31 | Barracks |
| 15:38 | Boots of Speed |
| 15:54 | Holy Light |
| 16:05 | Staff of Sanctuary |
| 16:11 | Guard Tower |
| 16:26 | Guard Tower |
| 16:58 | Guard Tower |
| 17:20 | Staff of Teleportation |
| 18:50 | Gryphon Aviary |
| 18:54 | Iron Forged Swords |
| 19:01 | Farm |
| 19:02 | Farm |
| 19:06 | Lumber Mill |
| 20:06 | Scout Tower |
| 20:07 | Scout Tower |
| 20:07 | Scout Tower |
| 20:07 | Scout Tower |
| 20:08 | Scout Tower |
| 20:08 | Scout Tower |
| 20:50 | Staff of Sanctuary |
| 21:00 | Dragonhawk Rider |
| 21:18 | Boots of Speed |
| 21:23 | Guard Tower |
| 21:30 | Barracks |
| 21:33 | Cloud |
| 21:37 | Staff of Teleportation |
| 23:07 | Staff of Sanctuary |
| 23:56 | Scout Tower |
| 23:57 | Scout Tower |
| 23:57 | Scout Tower |
| 23:57 | Scout Tower |
| 23:58 | Scout Tower |
| 23:58 | Scout Tower |
| 23:58 | Scout Tower |
| 23:59 | Scout Tower |
| 23:59 | Scout Tower |
| 23:59 | Scout Tower |
| 25:55 | Divine Shield |
| 25:58 | Storm Bolt |
| 26:22 | Brilliance Aura |
| Right click | 3178 |
| Select | 655 |
| Select group | 396 |
| Build/train/purchase | 165 |
| Use ability | 115 |
| Chat | 38 |
| Assign group | 12 |
| Item give/drop | 4 |
| Misc. action | 2 |
iggythefisk
(30:43) : 


| Scroll of Regeneration | 7 | 700 |
| Lesser Clarity Potion | 3 | 210 |
| Staff of Sanctuary | 4 | 1000 |
| Orb of Fire | 1 | 325 |
| Boots of Speed | 3 | 750 |
| Staff of Teleportation | 3 | 450 |
| total: | 21 | 3435g |
| Peasant | 10 | 750 | / | 0 |
| Dragonhawk Rider | 2 | 400 | / | 60 |
| total: | 12 | 1150g | / | 60w |
| Scout Tower | 49 | 1470 | / | 980 |
| Arcane Tower | 8 | 560 | / | 400 |
| Guard Tower | 24 | 1680 | / | 1200 |
| Altar of Kings | 1 | 180 | / | 50 |
| Lumber Mill | 1 | 120 | / | 0 |
| Farm | 7 | 560 | / | 140 |
| Arcane Vault | 1 | 130 | / | 30 |
| Barracks | 1 | 160 | / | 60 |
| Blacksmith | 2 | 280 | / | 120 |
| Town Hall | 1 | 385 | / | 205 |
| Arcane Sanctum | 1 | 150 | / | 140 |
| Gryphon Aviary | 1 | 140 | / | 150 |
| Keep | 1 | 320 | / | 210 |
| Castle | 1 | 360 | / | 210 |
| total: | 65 | 3575g | / | 1875w |
| 0:01 | Peasant |
| 0:04 | Altar of Kings |
| 0:05 | Peasant |
| 0:19 | Lumber Mill |
| 0:21 | Farm |
| 0:37 | Peasant |
| 0:37 | Peasant |
| 0:55 | Scout Tower |
| 1:00 | Peasant |
| 1:12 | Peasant |
| 1:22 | Improved Masonry |
| 1:25 | Scout Tower |
| 1:33 | Peasant |
| 1:38 | Arcane Tower |
| 1:49 | Peasant |
| 1:54 | Scout Tower |
| 1:57 | Guard Tower |
| 2:03 | Blizzard |
| 2:11 | Farm |
| 2:24 | Arcane Vault |
| 2:52 | Keep |
| 3:08 | Guard Tower |
| 3:10 | Scout Tower |
| 3:34 | Scout Tower |
| 4:11 | Guard Tower |
| 4:34 | Scout Tower |
| 4:35 | Guard Tower |
| 5:05 | Guard Tower |
| 5:06 | Scout Tower |
| 5:16 | Peasant |
| 5:16 | Peasant |
| 5:18 | Advanced Masonry |
| 5:24 | Scroll of Regeneration |
| 5:47 | Farm |
| 6:03 | Boots of Speed |
| 6:11 | Improved Lumber Harvesting |
| 6:12 | Storm Bolt |
| 6:21 | Castle |
| 6:28 | Guard Tower |
| 7:08 | Scout Tower |
| 7:08 | Scout Tower |
| 7:09 | Scout Tower |
| 7:23 | Staff of Teleportation |
| 7:38 | Scroll of Regeneration |
| 7:41 | Guard Tower |
| 7:43 | Scout Tower |
| 7:44 | Scout Tower |
| 8:20 | Scroll of Regeneration |
| 8:23 | Arcane Tower |
| 8:26 | Arcane Sanctum |
| 8:50 | Lesser Clarity Potion |
| 9:09 | Imbued Masonry |
| 9:10 | Guard Tower |
| 9:12 | Lesser Clarity Potion |
| 9:50 | Scroll of Regeneration |
| 9:51 | Lesser Clarity Potion |
| 9:55 | Guard Tower |
| 9:56 | Scout Tower |
| 9:57 | Scout Tower |
| 9:59 | Scout Tower |
| 10:00 | Scout Tower |
| 10:00 | Scout Tower |
| 10:01 | Scout Tower |
| 10:03 | Magic Sentry |
| 10:47 | Guard Tower |
| 10:55 | Brilliance Aura |
| 11:20 | Scroll of Regeneration |
| 11:22 | Staff of Sanctuary |
| 11:37 | Guard Tower |
| 11:40 | Scout Tower |
| 11:42 | Holy Light |
| 11:43 | Staff of Sanctuary |
| 12:25 | Guard Tower |
| 12:30 | Scout Tower |
| 12:30 | Scout Tower |
| 12:39 | Boots of Speed |
| 12:40 | Staff of Teleportation |
| 13:05 | Bash |
| 13:26 | Guard Tower |
| 13:28 | Scout Tower |
| 13:28 | Scout Tower |
| 14:10 | Staff of Sanctuary |
| 14:22 | Scout Tower |
| 14:23 | Scout Tower |
| 14:25 | Guard Tower |
| 14:27 | Gryphon Aviary |
| 14:29 | Barracks |
| 14:30 | Blacksmith |
| 15:13 | Divine Shield |
| 15:58 | Guard Tower |
| 16:19 | Blizzard |
| 16:57 | Blacksmith |
| 17:01 | Scout Tower |
| 17:02 | Scout Tower |
| 17:03 | Scout Tower |
| 17:03 | Scout Tower |
| 17:04 | Scout Tower |
| 17:04 | Scout Tower |
| 17:05 | Scout Tower |
| 18:37 | Scroll of Regeneration |
| 18:54 | Staff of Sanctuary |
| 18:57 | Orb of Fire |
| 19:06 | Animal War Training |
| 19:08 | Iron Forged Swords |
| 19:08 | Studded Leather Armor |
| 19:09 | Farm |
| 19:10 | Farm |
| 19:10 | Farm |
| 19:10 | Farm |
| 19:26 | Boots of Speed |
| 19:27 | Staff of Teleportation |
| 19:59 | Arcane Tower |
| 20:45 | Dragonhawk Rider |
| 20:47 | Scout Tower |
| 21:36 | Arcane Tower |
| 21:39 | Scroll of Regeneration |
| 21:57 | Scout Tower |
| 21:58 | Scout Tower |
| 21:58 | Scout Tower |
| 21:59 | Scout Tower |
| 21:59 | Scout Tower |
| 23:04 | Guard Tower |
| 23:05 | Guard Tower |
| 23:22 | Scout Tower |
| 23:40 | Storm Bolt |
| 24:08 | Holy Light |
| 24:37 | Brilliance Aura |
| 25:28 | Town Hall |
| 25:31 | Arcane Tower |
| 25:31 | Guard Tower |
| 26:02 | Scout Tower |
| 26:02 | Scout Tower |
| 26:03 | Scout Tower |
| 26:03 | Scout Tower |
| 26:04 | Scout Tower |
| 26:04 | Scout Tower |
| 26:30 | Steel Forged Swords |
| 26:30 | Reinforced Leather Armor |
| 26:32 | Dragonhawk Rider |
| 26:33 | Arcane Tower |
| 26:34 | Guard Tower |
| 26:38 | Scout Tower |
| 26:39 | Scout Tower |
| 27:39 | Divine Shield |
| 27:54 | Guard Tower |
| 27:56 | Scout Tower |
| 27:56 | Scout Tower |
| 28:32 | Arcane Tower |
| 28:33 | Guard Tower |
| 28:36 | Bash |
| 29:21 | Blizzard |
| 30:00 | Guard Tower |
| Right click | 2083 |
| Select group | 1293 |
| Select | 357 |
| Assign group | 350 |
| Use ability | 157 |
| Build/train/purchase | 127 |
| Chat | 122 |
| Misc. action | 27 |
| Resource trade | 11 |
| Item give/drop | 6 |
| Remove unit | 1 |
| Minimap ping | 1 |

| Healing Salve | 2 | 200 |
| Lesser Clarity Potion | 6 | 420 |
| Scroll of Speed | 1 | 50 |
| Potion of Healing | 1 | 150 |
| Boots of Speed | 1 | 250 |
| Potion of Lesser Invulnerability | 1 | 150 |
| Circlet of Nobility | 1 | 175 |
| Scroll of Regeneration | 4 | 400 |
| Orb of Fire | 1 | 325 |
| total: | 18 | 2120g |
| Peon | 7 | 525 | / | 0 |
| Grunt | 6 | 1200 | / | 0 |
| total: | 13 | 1725g | / | 0w |
| Watch Tower | 1 | 110 | / | 80 |
| Altar of Storms | 1 | 180 | / | 50 |
| Orc Burrow | 3 | 480 | / | 120 |
| Voodoo Lounge | 2 | 260 | / | 60 |
| Barracks | 1 | 180 | / | 50 |
| War Mill | 1 | 205 | / | 0 |
| Stronghold | 1 | 315 | / | 190 |
| total: | 9 | 1415g | / | 360w |
| 0:08 | Altar of Storms |
| 0:09 | Peon |
| 0:09 | Peon |
| 0:09 | Peon |
| 0:16 | Orc Burrow |
| 0:36 | Voodoo Lounge |
| 0:52 | Peon |
| 1:05 | Peon |
| 1:13 | Peon |
| 1:24 | Barracks |
| 1:46 | Orc Burrow |
| 1:49 | Peon |
| 2:08 | Healing Salve |
| 2:08 | Lesser Clarity Potion |
| 2:09 | Scroll of Speed |
| 2:12 | Wind Walk |
| 2:15 | Lesser Clarity Potion |
| 3:41 | Stronghold |
| 3:42 | Grunt |
| 3:43 | Grunt |
| 3:48 | War Mill |
| 4:53 | Healing Salve |
| 4:54 | Lesser Clarity Potion |
| 5:13 | Critical Strike |
| 5:19 | Grunt |
| 5:19 | Grunt |
| 6:47 | Wind Walk |
| 7:31 | Grunt |
| 7:31 | Grunt |
| 7:36 | Voodoo Lounge |
| 7:42 | Watch Tower |
| 7:47 | Orc Burrow |
| 9:21 | Scroll of Regeneration |
| 9:21 | Lesser Clarity Potion |
| 9:40 | Scroll of Regeneration |
| 11:00 | Lesser Clarity Potion |
| 12:05 | Scroll of Regeneration |
| 12:05 | Potion of Healing |
| 12:50 | Critical Strike |
| 13:21 | Lesser Clarity Potion |
| 13:24 | Scroll of Regeneration |
| 24:06 | Wind Walk |
| 25:36 | Orb of Fire |
| 26:23 | Boots of Speed |
| 26:28 | Potion of Lesser Invulnerability |
| 26:34 | Circlet of Nobility |
| 29:28 | Bladestorm |
| Right click | 1885 |
| Select | 268 |
| Build/train/purchase | 112 |
| Chat | 58 |
| Select group | 49 |
| Minimap ping | 8 |
| Use ability | 7 |
| Assign group | 2 |
| Item give/drop | 1 |
210 units @ 35.2k
/ 6.3k
81 buildings @ 12.4k
/ 5.7k


| Potion of Healing | 5 | 750 |
| Scroll of Regeneration | 3 | 300 |
| Scroll of Town Portal | 1 | 350 |
| total: | 9 | 1400g |
| Peasant | 16 | 1200 | / | 0 |
| Rifleman | 13 | 2665 | / | 390 |
| Gryphon Rider | 3 | 840 | / | 210 |
| Dragonhawk Rider | 6 | 1200 | / | 180 |
| Mortar Team | 4 | 720 | / | 280 |
| Siege Engine | 7 | 1365 | / | 420 |
| Flying Machine | 3 | 300 | / | 90 |
| total: | 52 | 8290g | / | 1570w |
| Altar of Kings | 1 | 180 | / | 50 |
| Blacksmith | 1 | 140 | / | 60 |
| Farm | 7 | 560 | / | 140 |
| Barracks | 2 | 320 | / | 120 |
| Arcane Vault | 2 | 260 | / | 60 |
| Lumber Mill | 1 | 120 | / | 0 |
| Town Hall | 1 | 385 | / | 205 |
| Gryphon Aviary | 2 | 280 | / | 300 |
| Workshop | 2 | 280 | / | 280 |
| Keep | 1 | 320 | / | 210 |
| Castle | 1 | 360 | / | 210 |
| total: | 19 | 2525g | / | 1215w |
| 0:03 | Peasant |
| 0:04 | Peasant |
| 0:08 | Altar of Kings |
| 0:13 | Peasant |
| 0:25 | Blacksmith |
| 0:29 | Farm |
| 0:33 | Peasant |
| 0:50 | Peasant |
| 1:02 | Peasant |
| 1:26 | Peasant |
| 1:36 | Barracks |
| 1:40 | Farm |
| 1:45 | Peasant |
| 1:55 | Farm |
| 2:07 | Arcane Vault |
| 2:14 | Summon Water Elemental |
| 2:32 | Barracks |
| 2:40 | Rifleman |
| 3:10 | Rifleman |
| 3:12 | Black Gunpowder |
| 3:17 | Farm |
| 3:39 | Rifleman |
| 4:10 | Rifleman |
| 4:49 | Rifleman |
| 5:14 | Farm |
| 5:15 | Farm |
| 5:17 | Keep |
| 6:04 | Rifleman |
| 6:24 | Brilliance Aura |
| 6:36 | Rifleman |
| 7:34 | Rifleman |
| 8:09 | Lumber Mill |
| 8:13 | Rifleman |
| 8:44 | Summon Water Elemental |
| 9:07 | Castle |
| 9:08 | Rifleman |
| 9:33 | Long Rifles |
| 9:43 | Gryphon Aviary |
| 10:08 | Improved Lumber Harvesting |
| 10:51 | Rifleman |
| 11:09 | Farm |
| 11:25 | Rifleman |
| 11:28 | Storm Bolt |
| 11:55 | Gryphon Rider |
| 12:29 | Gryphon Aviary |
| 12:58 | Brilliance Aura |
| 13:04 | Thunder Clap |
| 13:23 | Town Hall |
| 13:28 | Gryphon Rider |
| 13:28 | Gryphon Rider |
| 13:29 | Rifleman |
| 13:31 | Animal War Training |
| 14:39 | Storm Hammers |
| 14:43 | Storm Bolt |
| 15:12 | Workshop |
| 15:14 | Workshop |
| 15:18 | Cloud |
| 15:18 | Dragonhawk Rider |
| 15:56 | Dragonhawk Rider |
| 16:09 | Peasant |
| 16:09 | Peasant |
| 16:09 | Peasant |
| 16:29 | Peasant |
| 16:58 | Peasant |
| 17:00 | Mortar Team |
| 17:00 | Mortar Team |
| 17:03 | Dragonhawk Rider |
| 17:57 | Fragmentation Shards |
| 17:57 | Mortar Team |
| 17:57 | Mortar Team |
| 18:53 | Dragonhawk Rider |
| 18:54 | Dragonhawk Rider |
| 18:55 | Siege Engine |
| 18:55 | Siege Engine |
| 19:03 | Peasant |
| 19:34 | Arcane Vault |
| 20:57 | Summon Water Elemental |
| 21:04 | Siege Engine |
| 21:05 | Siege Engine |
| 21:17 | Siege Engine |
| 21:21 | Potion of Healing |
| 21:24 | Scroll of Regeneration |
| 21:27 | Scroll of Town Portal |
| 21:51 | Siege Engine |
| 22:46 | Refined Gunpowder |
| 23:21 | Siege Engine |
| 23:30 | Peasant |
| 23:30 | Peasant |
| 23:38 | Potion of Healing |
| 26:11 | Potion of Healing |
| 26:11 | Scroll of Regeneration |
| 26:25 | Barrage |
| 28:18 | Scroll of Regeneration |
| 28:18 | Potion of Healing |
| 28:26 | Potion of Healing |
| 28:30 | Dragonhawk Rider |
| 28:33 | Flying Machine |
| 28:41 | Flying Machine |
| 28:47 | Flying Machine Bombs |
| 28:50 | Flak Cannons |
| 28:51 | Flying Machine |
| Right click | 1273 |
| Select | 531 |
| Build/train/purchase | 141 |
| Misc. action | 66 |
| Use ability | 17 |
| Minimap ping | 1 |


| Acolyte | 26 | 1950 | / | 0 |
| Ghoul | 13 | 1560 | / | 0 |
| Crypt Fiend | 15 | 3225 | / | 600 |
| Frost Wyrm | 13 | 5005 | / | 1560 |
| total: | 67 | 11740g | / | 2160w |
| Spirit Tower | 2 | 290 | / | 80 |
| Nerubian Tower | 3 | 300 | / | 60 |
| Crypt | 2 | 400 | / | 100 |
| Altar of Darkness | 1 | 180 | / | 50 |
| Ziggurat | 8 | 1200 | / | 400 |
| Graveyard | 1 | 215 | / | 0 |
| Necropolis | 2 | 450 | / | 0 |
| Sacrificial Pit | 1 | 75 | / | 150 |
| Boneyard | 2 | 350 | / | 400 |
| Halls of the Dead | 1 | 320 | / | 210 |
| Black Citadel | 1 | 325 | / | 230 |
| total: | 17 | 2870g | / | 1100w |
| 0:02 | Acolyte |
| 0:10 | Crypt |
| 0:14 | Altar of Darkness |
| 0:16 | Acolyte |
| 0:34 | Ziggurat |
| 1:01 | Graveyard |
| 1:12 | Ghoul |
| 1:28 | Ghoul |
| 1:44 | Ghoul |
| 1:57 | Ziggurat |
| 2:01 | Ghoul |
| 2:15 | Cannibalize |
| 2:26 | Death Coil |
| 2:31 | Ghoul |
| 2:56 | Ghoul |
| 3:00 | Spirit Tower |
| 3:14 | Ghoul |
| 3:31 | Acolyte |
| 3:32 | Acolyte |
| 4:04 | Crypt Fiend |
| 4:15 | Unholy Strength |
| 4:45 | Unholy Aura |
| 4:59 | Ghoul |
| 5:18 | Ghoul |
| 5:36 | Ghoul |
| 5:37 | Crypt Fiend |
| 5:52 | Crypt Fiend |
| 6:00 | Crypt Fiend |
| 6:06 | Ziggurat |
| 6:07 | Crypt |
| 6:20 | Crypt Fiend |
| 6:54 | Crypt Fiend |
| 7:31 | Unholy Armor |
| 7:42 | Acolyte |
| 8:00 | Crypt Fiend |
| 8:23 | Ghoul |
| 8:50 | Ghoul |
| 8:54 | Ziggurat |
| 8:55 | Creature Attack |
| 9:21 | Crypt Fiend |
| 9:56 | Halls of the Dead |
| 9:58 | Ghoul |
| 10:50 | Necropolis |
| 10:57 | Creature Carapace |
| 11:21 | Death Coil |
| 11:31 | Crypt Fiend |
| 11:44 | Crypt Fiend |
| 12:11 | Crypt Fiend |
| 12:23 | Ziggurat |
| 12:25 | Acolyte |
| 12:48 | Crypt Fiend |
| 12:53 | Web |
| 13:06 | Acolyte |
| 13:08 | Acolyte |
| 13:52 | Acolyte |
| 13:53 | Nerubian Tower |
| 14:03 | Acolyte |
| 14:27 | Acolyte |
| 14:45 | Acolyte |
| 14:46 | Acolyte |
| 14:49 | Acolyte |
| 15:08 | Acolyte |
| 15:22 | Acolyte |
| 15:22 | Acolyte |
| 15:36 | Acolyte |
| 15:36 | Acolyte |
| 15:44 | Ziggurat |
| 16:03 | Frost Nova |
| 16:36 | Nerubian Tower |
| 16:59 | Black Citadel |
| 17:01 | Sacrificial Pit |
| 17:12 | Improved Creature Attack |
| 17:24 | Death Pact |
| 17:35 | Crypt Fiend |
| 17:36 | Crypt Fiend |
| 17:56 | Acolyte |
| 18:41 | Necropolis |
| 19:00 | Ziggurat |
| 19:01 | Acolyte |
| 19:04 | Ziggurat |
| 19:18 | Improved Creature Carapace |
| 19:21 | Boneyard |
| 19:24 | Boneyard |
| 19:38 | Acolyte |
| 19:38 | Acolyte |
| 20:55 | Frost Wyrm |
| 20:55 | Frost Wyrm |
| 21:00 | Advanced Creature Attack |
| 21:00 | Advanced Creature Carapace |
| 21:43 | Spirit Tower |
| 21:44 | Nerubian Tower |
| 21:47 | Frost Wyrm |
| 21:47 | Frost Wyrm |
| 22:42 | Frost Wyrm |
| 22:43 | Frost Wyrm |
| 23:56 | Frost Wyrm |
| 24:57 | Frost Wyrm |
| 24:57 | Frost Wyrm |
| 26:31 | Crypt Fiend |
| 26:34 | Frost Wyrm |
| 27:54 | Frost Wyrm |
| 28:04 | Acolyte |
| 28:11 | Acolyte |
| 28:11 | Acolyte |
| 30:06 | Frost Wyrm |
| 30:22 | Frost Wyrm |
| Right click | 2236 |
| Select group | 780 |
| Select | 728 |
| Misc. action | 284 |
| Build/train/purchase | 103 |
| Use ability | 42 |
| Assign group | 38 |
| Esc | 6 |
| Remove unit | 1 |


| Acolyte | 7 | 525 | / | 0 |
| Ghoul | 6 | 720 | / | 0 |
| Crypt Fiend | 31 | 6665 | / | 1240 |
| Frost Wyrm | 1 | 385 | / | 120 |
| total: | 45 | 8295g | / | 1360w |
| Spirit Tower | 7 | 1015 | / | 280 |
| Altar of Darkness | 1 | 180 | / | 50 |
| Ziggurat | 8 | 1200 | / | 400 |
| Crypt | 2 | 400 | / | 100 |
| Graveyard | 1 | 215 | / | 0 |
| Sacrificial Pit | 1 | 75 | / | 150 |
| Boneyard | 3 | 525 | / | 600 |
| Halls of the Dead | 1 | 320 | / | 210 |
| Black Citadel | 1 | 325 | / | 230 |
| total: | 16 | 2595g | / | 1300w |
| 0:07 | Acolyte |
| 0:14 | Altar of Darkness |
| 0:28 | Ziggurat |
| 0:36 | Crypt |
| 0:44 | Acolyte |
| 1:10 | Ziggurat |
| 1:39 | Ghoul |
| 1:39 | Ghoul |
| 1:58 | Graveyard |
| 2:12 | Ghoul |
| 2:28 | Death Coil |
| 2:33 | Ghoul |
| 2:59 | Ghoul |
| 2:59 | Ghoul |
| 3:45 | Halls of the Dead |
| 3:48 | Crypt Fiend |
| 4:23 | Crypt Fiend |
| 4:51 | Crypt |
| 5:05 | Death Pact |
| 5:51 | Ziggurat |
| 6:05 | Ziggurat |
| 6:12 | Ziggurat |
| 6:21 | Creature Attack |
| 6:30 | Web |
| 6:39 | Spirit Tower |
| 6:40 | Spirit Tower |
| 7:10 | Crypt Fiend |
| 7:31 | Crypt Fiend |
| 7:47 | Frost Armor |
| 7:53 | Crypt Fiend |
| 8:19 | Crypt Fiend |
| 9:28 | Crypt Fiend |
| 9:31 | Improved Creature Attack |
| 9:58 | Death Coil |
| 10:07 | Crypt Fiend |
| 10:09 | Crypt Fiend |
| 10:17 | Spirit Tower |
| 10:28 | Frost Nova |
| 11:14 | Crypt Fiend |
| 11:14 | Crypt Fiend |
| 11:57 | Frost Armor |
| 12:40 | Unholy Aura |
| 12:52 | Crypt Fiend |
| 12:52 | Crypt Fiend |
| 12:52 | Crypt Fiend |
| 14:36 | Crypt Fiend |
| 15:05 | Acolyte |
| 15:05 | Acolyte |
| 15:05 | Acolyte |
| 15:14 | Spirit Tower |
| 15:34 | Ziggurat |
| 15:38 | Ziggurat |
| 15:40 | Ziggurat |
| 15:44 | Spirit Tower |
| 16:57 | Frost Nova |
| 17:10 | Crypt Fiend |
| 17:10 | Crypt Fiend |
| 17:10 | Crypt Fiend |
| 18:41 | Crypt Fiend |
| 18:41 | Crypt Fiend |
| 18:41 | Crypt Fiend |
| 18:53 | Acolyte |
| 18:53 | Acolyte |
| 19:33 | Crypt Fiend |
| 19:35 | Crypt Fiend |
| 19:59 | Black Citadel |
| 20:30 | Sacrificial Pit |
| 20:41 | Crypt Fiend |
| 20:43 | Crypt Fiend |
| 20:58 | Spirit Tower |
| 21:02 | Spirit Tower |
| 25:08 | Crypt Fiend |
| 25:08 | Crypt Fiend |
| 25:08 | Crypt Fiend |
| 25:09 | Crypt Fiend |
| 25:09 | Crypt Fiend |
| 25:09 | Crypt Fiend |
| 25:19 | Advanced Creature Attack |
| 25:24 | Boneyard |
| 25:42 | Boneyard |
| 25:49 | Boneyard |
| 26:39 | Frost Wyrm |
| 27:52 | Freezing Breath |
| Right click | 1054 |
| Select | 462 |
| Build/train/purchase | 75 |
| Use ability | 32 |
| Remove unit | 4 |
| Esc | 2 |

| Lesser Clarity Potion | 1 | 70 |
| Healing Salve | 1 | 100 |
| total: | 2 | 170g |
| Peon | 21 | 1575 | / | 0 |
| Demolisher | 21 | 4620 | / | 1050 |
| Troll Batrider | 4 | 640 | / | 160 |
| total: | 46 | 6835g | / | 1210w |
| Watch Tower | 15 | 1650 | / | 1200 |
| Altar of Storms | 1 | 180 | / | 50 |
| Orc Burrow | 6 | 960 | / | 240 |
| War Mill | 1 | 205 | / | 0 |
| Barracks | 2 | 360 | / | 100 |
| Voodoo Lounge | 1 | 130 | / | 30 |
| Great Hall | 2 | 770 | / | 370 |
| Beastiary | 1 | 145 | / | 140 |
| Stronghold | 1 | 315 | / | 190 |
| Fortress | 1 | 325 | / | 190 |
| total: | 29 | 4400g | / | 2130w |
| 0:03 | Peon |
| 0:10 | Altar of Storms |
| 0:17 | Peon |
| 0:25 | Orc Burrow |
| 0:34 | Peon |
| 0:52 | Peon |
| 1:06 | War Mill |
| 1:09 | Peon |
| 1:24 | Peon |
| 1:52 | Stronghold |
| 2:16 | Feral Spirit |
| 2:26 | Barracks |
| 3:17 | Watch Tower |
| 3:43 | Voodoo Lounge |
| 4:09 | Watch Tower |
| 4:14 | Demolisher |
| 4:22 | Peon |
| 4:22 | Peon |
| 4:26 | Orc Burrow |
| 4:38 | Watch Tower |
| 4:49 | Lesser Clarity Potion |
| 4:49 | Healing Salve |
| 5:47 | Watch Tower |
| 5:58 | Watch Tower |
| 6:00 | Watch Tower |
| 6:03 | Watch Tower |
| 6:13 | Watch Tower |
| 6:27 | Peon |
| 6:28 | Peon |
| 6:28 | Peon |
| 7:16 | Demolisher |
| 8:07 | Demolisher |
| 8:22 | Peon |
| 8:22 | Peon |
| 8:22 | Peon |
| 8:22 | Peon |
| 9:18 | Watch Tower |
| 9:28 | Orc Burrow |
| 9:31 | Chain Lighting |
| 10:20 | Demolisher |
| 10:57 | Watch Tower |
| 11:03 | Watch Tower |
| 11:16 | Demolisher |
| 11:25 | Peon |
| 11:25 | Peon |
| 11:25 | Peon |
| 11:41 | Watch Tower |
| 11:47 | Watch Tower |
| 12:20 | Orc Burrow |
| 12:22 | Peon |
| 12:22 | Peon |
| 12:25 | Peon |
| 12:57 | Demolisher |
| 13:10 | Watch Tower |
| 13:44 | Fortress |
| 14:54 | Demolisher |
| 15:48 | Demolisher |
| 15:52 | Orc Burrow |
| 16:24 | Burning Oil |
| 16:50 | Barracks |
| 16:56 | Spiked Barricades |
| 16:58 | Reinforced Defenses |
| 17:29 | Demolisher |
| 17:29 | Demolisher |
| 17:51 | Beastiary |
| 18:14 | Demolisher |
| 18:17 | Steel Armor |
| 18:59 | Demolisher |
| 19:30 | Orc Burrow |
| 19:37 | Watch Tower |
| 20:01 | Demolisher |
| 20:40 | Demolisher |
| 20:48 | Demolisher |
| 21:00 | Steel Ranged Weapons |
| 21:23 | Troll Batrider |
| 21:47 | Demolisher |
| 22:34 | Demolisher |
| 24:27 | Demolisher |
| 24:35 | Great Hall |
| 25:08 | Demolisher |
| 25:26 | Liquid Fire |
| 25:55 | Demolisher |
| 26:11 | Great Hall |
| 26:36 | Troll Batrider |
| 26:36 | Troll Batrider |
| 27:43 | Feral Spirit |
| 28:06 | Demolisher |
| 29:37 | Troll Batrider |
| Right click | 1215 |
| Select | 634 |
| Build/train/purchase | 81 |
| Misc. action | 34 |
| Minimap ping | 18 |
| Use ability | 16 |
| Remove unit | 6 |